 Dungeon Crawl Stone Soup version 0.17.0-57-g0e89251 (webtiles) character file.

14491 PossumBlood the Cleaver (level 11, -10/101 HPs)
             Began as a Minotaur Fighter on Dec 7, 2015.
             Was a High Priest of Okawaru.
             Mangled by Rupert
             ... wielding a +0 great mace of protection
              (39 damage)
             ... on level 12 of the Dungeon.
             The game lasted 00:31:41 (9189 turns).

PossumBlood the Cleaver (Minotaur Fighter)          Turns: 9189, Time: 00:31:41

Health: -10/101    AC: 24    Str: 24    XL:     11   Next: 89%
Magic:  10/10      EV:  7    Int:  5    God:    Okawaru [*****.]
Gold:   525        SH:  0    Dex: 13    Spells: 0 memorised, 10 levels left

rFire  . . .     SeeInvis +     O - +10 battleaxe of Okawaru's Hope {holy, Dex+3}
rCold  . . .     Clarity  .     j - +1 plate armour
rNeg   . . .     SustAt   .     (shield currently unavailable)
rPois  .         Gourm    .     (helmet unavailable)
rElec  .         Spirit   .     T - +2 cloak {MR+}
rCorr  +         Warding  .     b - +2 pair of gloves
rMut   .         Stasis   .     w - +0 pair of boots
MR     ++...                    t - amulet of resist corrosion
Stlth  ..........               g - ring of protection from magic
                                I - ring of see invisible

@: about to teleport, very resistant to hostile enchantments, extremely
unstealthy
A: retaliatory headbutt, horns 3
a: Heroism, Finesse, Renounce Religion


You were on level 12 of the Dungeon.
You worshipped Okawaru.
Okawaru was extremely pleased with you.
You were not hungry.

You visited 1 branch of the dungeon, and saw 12 of its levels.

You collected 663 gold pieces.
You spent 138 gold pieces at shops.

Inventory:

Hand Weapons
 a - a +3 war axe
 v - a +0 war axe
 y - a +3 flail
 O - the +10 battleaxe of Okawaru's Hope (weapon) {holy, Dex+3}
   (Okawaru gifted it to you on level 10 of the Dungeon)

   It has been blessed by the Shining One to cause great damage to the undead
   and demons.
   It affects your dexterity (+3).
 V - a +4 long sword
Missiles
 z - 12 tomahawks (quivered)
 W - 7 javelins of penetration
Armour
 b - a +2 pair of gloves (worn)
 c - a +0 shield
 j - a +1 plate armour (worn)
 w - a +0 pair of boots (worn)
 D - a +0 cloak
 N - a +2 shield of protection
 T - a +2 cloak of magic resistance (worn)
 U - the +2 shield "Etzuwik" {+Inv Int-3 Slay+2}
   (You found it on level 11 of the Dungeon)

   It affects your intelligence (-3).
   It affects your accuracy and damage with ranged weapons and melee attacks
   (+2).
   It lets you turn invisible.
Jewellery
 f - an uncursed ring of flight
 g - a ring of protection from magic (right hand)
 h - a +4 ring of dexterity
 l - an uncursed ring of ice
 n - an uncursed amulet of guardian spirit
 p - a +5 ring of evasion
 t - an amulet of resist corrosion (around neck)
 I - a ring of see invisible (left hand)
 Q - an uncursed ring of stealth
Wands
 B - a wand of confusion (23)
 K - a wand of enslavement (16)
 L - a wand of magic darts (24)
 M - a wand of frost (26)
Scrolls
 e - a scroll of amnesia
 k - 3 scrolls of teleportation
 m - 2 scrolls of recharging
 u - 3 scrolls of magic mapping
 A - 4 scrolls of identify
 C - a scroll of fog
 E - 4 scrolls of remove curse
 H - a scroll of fear
Potions
 i - a potion of curing
 o - a potion of resistance
 r - 2 potions of berserk rage
 s - a potion of flight
 x - 2 potions of agility
 F - a potion of might
 R - a potion of cancellation {unknown}
Books
 J - a book of Callings

   Spells                             Type                      Level
   a - Summon Small Mammal            Summoning                    1
   b - Call Imp                       Summoning                    2
   c - Call Canine Familiar           Summoning                    3
   d - Summon Guardian Golem          Hexes/Summoning              3
   e - Summon Lightning Spire         Summoning/Air                4
   f - Summon Ice Beast               Ice/Summoning                4
Miscellaneous
 P - a legendary deck of war {Xom}
 X - a plain deck of defence
Comestibles
 d - 6 meat rations
 G - 21 fruits
 S - 3 bread rations


   Skills:
 + Level 10.6 Fighting
 * Level 14.3 Axes
 + Level 11.1 Armour
 + Level 11.0 Shields


You had 10 spell levels left.
You didn't know any spells.

Dungeon Overview and Level Annotations

Branches:
Dungeon (12/15)            Temple (0/1) D:4            Lair (0/8) D:11
    Orc: D:9-12

Altars:
Ashenzari
Cheibriados
Gozag
Kikubaaqudgha
Okawaru
Sif Muna
Xom
Yredelemnul
The Shining One

Shops:
D:5 !

Annotations:
D:12 Rupert


Innate Abilities, Weirdness & Mutations

You reflexively headbutt those who attack you in melee.
You have a pair of large horns on your head.


Message History

You feel much better.
Rupert hits you with a great mace of protection.
* * * LOW HITPOINT WARNING * * *
Read which item? (? for menu, Esc to quit)
As you read the scroll of teleportation, it crumbles to dust.
You feel strangely unstable. Rupert barely misses you.
Drink which item? (? for menu, Esc to quit)
You feel much better.
Rupert hits you with a great mace of protection!
* * * LOW HITPOINT WARNING * * *
The cyclops hits you but does no damage.
Drink which item? (? for menu, Esc to quit)
You feel better.
Rupert hits you with a great mace of protection.
The cyclops hits you!
* * * LOW HITPOINT WARNING * * *
Drink which item? (? for menu, Esc to quit)
You feel better.
Rupert hits you with a great mace of protection!!!
You die...

.. #. ......
..###. ......
...... ......
....###......
#...........
#(.(........
#.))(.......
#..(........
#..<@C......
#...@.......
#...........
#>..........
#...........
#...........
#...........
............


You could see Rupert (berserk) and a cyclops.

Vanquished Creatures
  The ghost of bezhaha the Basher, a journeyman GrCK of Xom (D:11)
  A tengu warrior (D:11)
  Urug (D:11)
  The ghost of DeXoteric the Covert, a novice VSAs of Makhleb (D:8)
  Pikel (D:9)
  An ugly thing (D:11)
  A hill giant (D:11)
  Maurice (D:8)
  A gargoyle (D:11)
  Psyche (D:8)
  A tengu conjurer (D:11)
  3 trolls
  A trapdoor spider zombie (D:10)
  A two-headed ogre (D:10)
  The ghost of subsebi the Shield-Bearer, an amateur GrFi (D:4)
  2 wyverns (D:11)
  A water elemental (D:11)
  4 yaks (D:10)
  2 steam dragons
  Grum (D:9)
  2 hippogriffs
  2 wolves (D:9)
  Duvessa (D:5)
  A slave (D:9)
  A water moccasin (D:10)
  2 sky beasts
  6 ogres
  8 orc warriors
  13 ice beasts
  3 necrophages
  3 centaurs
  A phantom (D:9)
  2 black bears
  9 big kobolds (D:9)
  4 giant frogs
  A water moccasin zombie (D:5)
  Dowan (D:5)
  3 scorpions
  4 killer bees (D:10)
  10 crimson imps
  5 orc priests
  2 electric eels (D:11)
  2 jellies
  3 giant frog zombies
  Ijyb (D:2)
  5 hounds
  13 orc wizards
  Jessica (D:2)
  Terence (D:2)
  2 iguanas
  A worker ant (D:8)
  A killer bee zombie (D:7)
  2 hound skeletons
  A hound zombie (D:5)
  5 adders
  10 gnolls
  2 shadow imps
  An adder skeleton (D:9)
  2 adder zombies
  3 worms
  8 giant geckos
  41 orcs
  7 giant cockroaches
  4 goblins
  8 hobgoblins
  15 jackals
  13 kobolds
  2 quokkas
  A ball python (D:5)
  6 bats
  A giant gecko skeleton (D:7)
  5 giant newts
  2 quokka skeletons
  6 rats
286 creatures vanquished.

Vanquished Creatures (others)
  A slave (D:9)
1 creature vanquished.

Grand Total: 287 creatures vanquished

Notes
Turn   | Place    | Note
--------------------------------------------------------------
     0 | D:1      | PossumBlood the Minotaur Fighter began the quest for the Orb.
     0 | D:1      | Reached XP level 1. HP: 19/19 MP: 0/0
   185 | D:1      | Reached XP level 2. HP: 26/26 MP: 1/1
   259 | D:1      | Reached skill level 4 in Shields
   270 | D:1      | Gained mutation: You have a pair of large horns on your head. [potion of beneficial mutation]
   699 | D:1      | Reached XP level 3. HP: 33/33 MP: 2/2
   800 | D:2      | Noticed Ijyb
   803 | D:2      | Killed Ijyb
   809 | D:2      | Found a snail-covered altar of Cheibriados.
   853 | D:2      | Found an iron altar of Okawaru.
   884 | D:2      | Became a worshipper of Warmaster Okawaru
   887 | D:2      | Noticed Terence
   897 | D:2      | Reached XP level 4. HP: 30/40 MP: 3/3
   898 | D:2      | Killed Terence
   993 | D:2      | Noticed Jessica
   998 | D:2      | Killed Jessica
  1261 | D:2      | Reached XP level 5. HP: 46/46 MP: 4/4
  1483 | D:3      | Noticed a necrophage
  1491 | D:3      | Killed a necrophage
  1491 | D:3      | Reached skill level 5 in Axes
  1491 | D:3      | Reached skill level 5 in Armour
  1509 | D:3      | Reached XP level 6. HP: 53/53 MP: 5/5
  1531 | D:3      | Found a shimmering altar of Xom.
  1570 | D:3      | Reached * piety under Okawaru
  1570 | D:3      | Reached skill level 5 in Shields
  1611 | D:3      | Found an ancient bone altar of Kikubaaqudgha.
  1947 | D:3      | Found a glowing drain.
  1992 | D:4      | Reached skill level 5 in Fighting
  2145 | D:4      | Noticed subsebi's ghost (amateur GrFi)
  2155 | D:4      | Killed subsebi's ghost
  2155 | D:4      | Reached skill level 6 in Axes
  2155 | D:4      | Reached XP level 7. HP: 46/61 MP: 6/6
  2171 | D:4      | Reached ** piety under Okawaru
  2321 | D:4      | Found a staircase to the Ecumenical Temple.
  2448 | D:4      | Reached skill level 7 in Axes
  2778 | D:5      | Entered Level 5 of the Dungeon
  2794 | D:5      | Found Dyxatuex's Distillery.
  2820 | D:5      | Bought a potion of degeneration for 12 gold pieces
  2820 | D:5      | Bought a potion of ambrosia for 96 gold pieces
  2820 | D:5      | Bought a potion of mutation for 30 gold pieces
  2868 | D:5      | Noticed Duvessa
  2871 | D:5      | Noticed Dowan
  2878 | D:5      | Killed Duvessa
  2878 | D:5      | Reached XP level 8. HP: 54/70 MP: 4/7
  2879 | D:5      | Reached *** piety under Okawaru
  2887 | D:5      | Killed Dowan
  3092 | D:5      | Reached skill level 8 in Axes
  3365 | D:5      | Found an opulent altar of Gozag.
  3743 | D:6      | Reached skill level 9 in Axes
  3941 | D:6      | Reached XP level 9. HP: 79/79 MP: 8/8
  4092 | D:6      | Reached **** piety under Okawaru
  4353 | D:6      | Found a glowing golden altar of the Shining One.
  4358 | D:6      | Found a basalt altar of Yredelemnul.
  4360 | D:6      | Noticed a profane servitor
  4442 | D:6      | Noticed an angel
  4670 | D:7      | Reached skill level 10 in Axes
  5454 | D:8      | Noticed Psyche
  5462 | D:8      | Killed Psyche
  5728 | D:8      | Noticed Maurice
  5739 | D:8      | Killed Maurice
  5739 | D:8      | Reached skill level 11 in Axes
  5739 | D:8      | Reached XP level 10. HP: 87/89 MP: 9/9
  5851 | D:8      | Noticed DeXoteric's ghost (novice VSAs)
  5861 | D:8      | Killed DeXoteric's ghost
  6037 | D:9      | Noticed Grum
  6041 | D:9      | Noticed Pikel
  6045 | D:9      | Killed Grum
  6049 | D:9      | Reached ***** piety under Okawaru
  6055 | D:9      | Killed Pikel
  6102 | D:9      | Reached skill level 12 in Axes
  6275 | D:9      | Found an iron altar of Okawaru.
  6275 | D:9      | Found a deep blue altar of Sif Muna.
  6843 | D:9      | Found a shattered altar of Ashenzari.
  6886 | D:10     | Entered Level 10 of the Dungeon
  7250 | D:10     | Received a gift from Okawaru
  7250 | D:10     | Reached skill level 10 in Armour
  7250 | D:10     | Reached skill level 10 in Shields
  7250 | D:10     | Reached XP level 11. HP: 90/97 MP: 10/10
  7251 | D:10     | Got an ichor-stained battleaxe {god gift}
  7253 | D:10     | Identified the +10 battleaxe of Okawaru's Hope {holy, Dex+3} (Okawaru gifted it to you on level 10 of the Dungeon)
  7562 | D:10     | Identified a scroll of acquirement
  7652 | D:11     | Noticed bezhaha's ghost (journeyman GrCK)
  7663 | D:11     | Killed bezhaha's ghost
  7663 | D:11     | Reached skill level 13 in Axes
  8055 | D:11     | Noticed a tengu warrior
  8070 | D:11     | Killed a tengu warrior
  8070 | D:11     | Reached skill level 10 in Fighting
  8267 | D:11     | Received a gift from Okawaru
  8547 | D:11     | Found a staircase to the Lair.
  8584 | D:11     | Got a spiked shield
  8589 | D:11     | Identified the +2 shield "Etzuwik" {+Inv Int-3 Slay+2} (You found it on level 11 of the Dungeon)
  8597 | D:11     | Noticed Urug
  8603 | D:11     | Reached ****** piety under Okawaru
  8605 | D:11     | Killed Urug
  8655 | D:11     | Reached skill level 14 in Axes
  8910 | D:11     | Noticed a hill giant
  8918 | D:11     | Killed a hill giant
  9168 | D:12     | Noticed Rupert
  9189 | D:12     | Mangled by Rupert

Action                   |  1- 3 |  4- 6 |  7- 9 | 10-12 || total
-------------------------+-------+-------+-------+-------++-------
Melee: War axe           |    75 |    98 |   298 |   156 ||   627
       Unarmed           |       |     3 |       |       ||     3
       Battleaxe         |       |       |       |   138 ||   138
Invok: Heroism           |       |       |     1 |     1 ||     2
  Use: Scroll            |     4 |     7 |     7 |     9 ||    27
       Potion            |     3 |     2 |     4 |     8 ||    17
  Eat: Bread ration      |       |     2 |     1 |     2 ||     5
       Beef jerky        |       |       |     2 |     1 ||     3
       Pizza             |       |       |     1 |       ||     1
